Map: King's Cove LE

Players

llllllllllll - Winner!

  • Race: Protoss Protoss
  • League: Gold
  • Spawn Location: 5:00

Tentacles

  • Race: Zerg Zerg
  • League: Platinum
  • Spawn Location: 11:00

VOD

Have the link to the VOD?

Description

Time

  • Played on: April 24, 2025, 10:52 a.m.
  • Length: 3:00
Show
View Real Time Build Order
Export as new Build Order

llllllllllll Protoss - Winner!

Build Orders:  

Get SALT Encoding   

  12  0:01  Probe  
  13  0:13  Probe  
  14  0:26  Probe  
  15  0:37  Pylon  
  15  0:56  Gateway  
  15  0:58  Gateway  
  15  1:01  Gateway  
  15  1:11  Gateway  
  15  1:18  Pylon  
  15  1:35  Zealot  
  15  1:36  Zealot  
  19  1:48  Zealot  
  21  2:00  Zealot  
  21  2:02  Zealot  
  21  2:03  Zealot  
  27  2:15  Zealot  
  29  2:27  Zealot  
  31  2:31  Pylon  
Show
View Real Time Build Order
Export as new Build Order

Tentacles Zerg 

Build Orders: Hatch First 

Get SALT Encoding   

  12  0:07  Drone  
  12  0:13  Overlord  
  13  0:18  Drone  
  14  0:31  Drone  
  14  0:32  Drone  
  16  0:52  Drone  
  17  1:01  Drone x2  
  17  1:03  Hatchery  
  18  1:12  Extractor  
  18  1:16  Spawning Pool  
  18  1:18  Drone  
  17  1:22  Drone  
  18  1:36  Drone  
  19  1:45  Drone  
  20  1:54  Overlord  
  20  2:05  Queen  
  22  2:14  Zergling x2  
  23  2:20  Spine Crawler  
  22  2:23  Spine Crawler  
  22  2:25  Roach Warren  
  20  2:33  Spine Crawler  
  19  2:38  Spine Crawler, Drone  
  19  2:39  Drone  
  19  2:56  Spine Crawler  
Tags
 
Matchup
PvZ
Replay Pack
kreditionep1
Spawn Locations
Cross Positions
Add a new tag
Caveats
  • Supply blocks, unpowered buildings, or Contaminate may cause inaccurate times.
  • Supply counts are checked every 10 seconds.